 Dungeon Crawl Stone Soup version 0.20.1-1-g8b1a95d66d (webtiles) character file.

51 Gargoyl the Skirmisher (level 3, -1/31 HPs)
             Began as a Centaur Abyssal Knight on Nov 24, 2017.
             Was a Follower of Lugonu.
             Killed by nerve-wracking pain
             ... invoked by a shadow imp
             ... summoned by Natasha
              (14 damage)
             ... on level 2 of the Dungeon.
             The game lasted 00:04:47 (1747 turns).

Gargoyl the Skirmisher (Centaur Abyssal Knight)     Turns: 1747, Time: 00:04:47

Health: -1/31      AC: 13    Str: 14    XL:     3   Next: 57%
Magic:  4/4        EV:  6    Int:  9    God:    Lugonu [*.....]
Gold:   154        SH:  0    Dex:  9    Spells: 2/2 levels left

rFire    . . .     SeeInvis .   a - +1 hand axe
rCold    . . .     Gourm    .   (no shield)
rNeg     . . .     Faith    .   g - +0 ring mail
rPois    +         Spirit   .   i - +2 helmet
rElec    .         Reflect  .   (no cloak)
rCorr    .         Harm     .   (no gloves)
MR       .....                  n - +0 centaur barding
Stlth    ..........             (no amulet)
Regen    0.1/turn               (no ring)
MPRegen  0.1/turn               (no ring)

@: slowed
A: hooves 3, deformed body, dopey 1, speed 2, poison resistance, tough skin 3
a: Depart the Abyss, Renounce Religion


You were on level 2 of the Dungeon.
You worshipped Lugonu.
Lugonu was aware of your devotion.
You were hungry.

You visited 1 branch of the dungeon, and saw 2 of its levels.
You visited the Abyss 1 time.

You collected 154 gold pieces.

Inventory:

Hand Weapons
 a - a +1 hand axe (weapon)
Armour
 g - a +0 ring mail (worn)
 i - a +2 helmet (worn)
 n - a +0 centaur barding (worn)
Wands
 h - a wand of confusion (21/48)
Scrolls
 d - a scroll of recharging {unknown}
 f - a scroll of random uselessness {unknown}
 j - a scroll of remove curse {unknown}
 l - a scroll of fear {unknown}
Potions
 m - a potion of curing
Comestibles
 b - 2 fruits
 c - a bread ration
 k - a meat ration


   Skills:
 + Level 3.5 Fighting
 + Level 2.2 Axes
 * Level 1.8 Armour
 + Level 1.1 Dodging
 * Level 2.4 Invocations


You had 2 spell levels left.
You didn't know any spells.

Dungeon Overview and Level Annotations

Branches:
Dungeon (2/15)

Altars:

Annotations:
D:2 Natasha, Robin


Innate Abilities, Weirdness & Mutations

You have hooves in place of feet.
Armour fits poorly on your strangely shaped body.
You cover ground very quickly.
You have extremely tough skin. (AC +3)
You are dopey. (Int -2)
Your system is resistant to poisons. (rPois)


Message History

The shadow imp barely misses you. Natasha claws you but does no damage.
You feel better.
The shadow imp hits you but does no damage.
Natasha barely misses you. The shadow imp barely misses you.
You feel much better. Natasha claws you but does no damage.
The shadow imp hits you but does no damage.
Natasha casts a spell at you. The magic dart hits you!
You hit Natasha.
Natasha is heavily wounded.
You hit the shadow imp. The shadow imp gestures at you.
Pain shoots through your body! Natasha claws you but does no damage.
The shadow imp hits you but does no damage.
You completely miss Natasha. You kick Natasha.
Natasha is heavily wounded.
You barely miss the shadow imp. Natasha claws you.
The shadow imp gestures at you. Pain shoots through your body!
You die...

#.......5...# #...........#
######## #...........#
#......# ###########h#
#.####.# ######## #.#
###...##.# #......###### #.#
....#.##.# #.####..)...# #g#
###.#.##.#####.#.5#.#.##.# #)#
<...#.##........@h..#.##.# #.#
#####.########.######.##.###.#
......# #........(#.....#
.###### ################# .#
.# ##


You could see Natasha and a shadow imp.

Vanquished Creatures
  An adder (D:2)
  2 dart slugs (D:1)
  A leopard gecko (D:1)
  7 goblins
  8 hobgoblins
  A jackal (D:1)
  6 bats (D:1)
  2 frilled lizards
  6 kobolds
  2 rats (D:1)
36 creatures vanquished.

Notes
Turn   | Place    | Note
-------+----------+-------------------------------------------
     0 | Abyss:1  | Gargoyl the Centaur Abyssal Knight began the quest for the Orb.
     0 | Abyss:1  | Reached XP level 1. HP: 19/19 MP: 2/2
    51 | Abyss:1  | Noticed a flayed ghost
    78 | Abyss:1  | Noticed a chaos spawn
    87 | Abyss:1  | Noticed a neqoxec
    90 | Abyss:1  | Gained mutation: Your system is resistant to poisons. (rPois) [a neqoxec]
    94 | Abyss:1  | Noticed a crimson imp
    95 | Abyss:1  | Noticed a large abomination
    97 | Abyss:1  | Noticed a small abomination
    98 | Abyss:1  | Noticed a neqoxec
   102 | Abyss:1  | Gained mutation: You are dopey. (Int -2) [a neqoxec]
   164 | Abyss:2  | Noticed a small abomination
   165 | Abyss:2  | Noticed a large abomination
   165 | Abyss:2  | Noticed a chaos spawn
   167 | Abyss:2  | Noticed a tentacled starspawn
   168 | Abyss:2  | Noticed a crimson imp
   168 | Abyss:2  | Noticed a small abomination
   168 | Abyss:2  | Noticed an ancient zyme
   171 | D:1      | Escaped the Abyss
   592 | D:1      | Reached XP level 2. HP: 26/26 MP: 3/3
  1032 | D:1      | Reached * piety under Lugonu
  1039 | D:1      | Reached XP level 3. HP: 20/31 MP: 4/4
  1437 | D:2      | Reached skill level 1 in Dodging
  1450 | D:2      | Noticed Robin
  1458 | D:2      | Noticed Natasha
  1747 | D:2      | Killed from afar by a shadow imp

Skill      XL: |  1  2  3 |
---------------+----------+-----
Axes           | 2 |  2.2
Dodging        | 1 |  1.1
Fighting       | |  3.5
Armour         | |  1.8
Invocations    | |  2.4

Action                   || total
-------------------------++-------
Melee: Hand axe          ||   102
       Kick              ||    16
Invok: Depart the Abyss  ||     1
  Use: Potion            ||     5
       Scroll            ||     3
  Eat: Chunk             ||     1
Armor: Leather armour    ||    27
       Ring mail         ||    56
Dodge: Dodged            ||    66
